Map: Piliers d'or EC

Players

Denver - Winner!

  • Race: Zerg Zerg
  • League: Master
  • Spawn Location: 1:00

Kas

  • Race: Terran Terran
  • League: Grandmaster
  • Spawn Location: 7:00

Event: DreamHack SC2 Masters 2020 Summer Europe

VOD

Have the link to the VOD?

Description

Time

  • Played on: July 5, 2020, 12:48 p.m.
  • Length: 10:34

All games in this series

Show
View Real Time Build Order
Export as new Build Order

Denver Zerg - Winner!

Build Orders: Hatch First, Muta Ling Bane 

Get SALT Encoding   

  12  0:00  Drone  
  13  0:13  Overlord  
  13  0:17  Drone  
  14  0:31  Drone  
  14  0:32  Drone  
  16  0:50  Hatchery  
  16  0:53  Drone  
  16  0:57  Drone  
  16  1:00  Drone  
  18  1:11  Extractor  
  18  1:16  Spawning Pool  
  16  1:20  Drone  
  16  1:23  Drone  
  18  1:29  Drone  
  19  1:40  Drone  
  20  1:51  Drone  
  21  2:03  Queen  
  21  2:04  Zergling x4, Queen  
  27  2:11  Metabolic Boost  
  27  2:13  Overlord  
  27  2:17  Drone  
  28  2:36  Hatchery  
  28  2:37  Drone  
  28  2:38  Drone  
  28  2:42  Drone  
  30  2:46  Drone x2  
  32  2:52  Overlord  
  32  2:55  Drone  
  33  3:00  Drone  
  33  3:05  Queen  
  36  3:11  Overlord  
  36  3:13  Drone x2  
  36  3:17  Drone  
  39  3:20  Drone x2  
  39  3:26  Roach Warren  
  40  3:29  Extractor  
  40  3:34  Overlord  
  39  3:37  Drone x2  
  41  3:45  Drone x4  
  41  3:48  Overlord  
  45  3:52  Overlord  
  45  3:54  Zergling x2  
  46  4:08  Roach  
  46  4:09  Roach x3  
  54  4:13  Roach x3  
  60  4:17  Roach  
  60  4:18  Roach  
  60  4:22  Zergling x2  
  60  4:23  Zergling x4  
  67  4:24  Zergling x2  
  67  4:28  Drone x2  
  70  4:31  Drone  
  70  4:34  Drone  
  70  4:37  Spore Crawler  
  71  4:44  Overlord  
  71  4:47  Overlord  
  71  4:49  Drone x4  
  71  4:51  Ravager x3  
  79  4:55  Drone x3  
  81  5:10  Drone x7  
  84  5:20  Zergling x6  
  85  5:22  Lair  
  84  5:30  Ravager  
  84  5:32  Drone x7  
  84  5:33  Queen  
  94  5:41  Ravager, Queen  
  88  5:44  Spore Crawler x2  
  88  5:46  Spore Crawler  
  77  5:50  Drone  
  77  5:56  Drone x8  
  73  6:05  Drone  
  73  6:06  Drone x4  
  73  6:09  Queen  
  77  6:13  Extractor  
  77  6:14  Extractor  
  77  6:16  Extractor  
  77  6:17  Drone x3  
  77  6:21  Spire  
  77  6:22  Drone x4  
  77  6:23  Extractor  
  79  6:27  Overlord  
  79  6:31  Drone  
  79  6:32  Drone  
  81  6:34  Drone  
  81  6:36  Overlord x2  
  82  6:40  Overlord x2  
  82  6:45  Overseer  
  80  6:47  Drone  
  80  6:48  Drone  
  82  6:55  Drone x4  
  82  6:59  Zergling x2  
  85  7:05  Overlord  
  85  7:14  Drone x2, Baneling Nest  
  86  7:16  Evolution Chamber x2  
  86  7:18  Zergling x2  
  86  7:19  Zergling x8, Spire  
  86  7:21  Hatchery  
  88  7:26  Overlord  
  88  7:30  Overlord  
  88  7:32  Zergling x12  
  94  7:40  Mutalisk  
  94  7:41  Mutalisk x4  
  94  7:43  Zerg Melee Weapons Level 1, Zerg Ground Armor Level 1  
  103  7:45  Overlord  
  103  7:50  Zergling x4  
  100  7:57  Centrifical Hooks  
  100  8:01  Zergling x2  
  100  8:02  Zergling x8  
  104  8:06  Mutalisk x2  
  104  8:10  Drone x4  
  104  8:12  Zerg Flyer Weapons Level 1  
  112  8:21  Mutalisk  
  112  8:25  Drone  
  112  8:26  Drone x4  
  119  8:28  Overlord x3  
  119  8:30  Overlord  
  119  8:33  Overlord  
  119  8:36  Mutalisk x2  
  123  8:45  Overlord  
  123  8:51  Zergling x4  
  123  8:52  Extractor, Zergling x8  
  123  8:54  Drone  
  123  8:55  Hatchery, Drone x2  
  130  9:03  Drone x5  
  135  9:10  Baneling x13  
  135  9:12  Mutalisk x2  
  135  9:15  Overlord  
  135  9:16  Pneumatized Carapace  
  139  9:19  Burrow  
  139  9:23  Zergling x12  
  139  9:24  Zergling x2  
  146  9:26  Baneling x4  
  146  9:29  Overlord  
  146  9:39  Zergling x22  
  157  9:47  Baneling  
  157  9:48  Baneling x7  
  157  9:51  Baneling x11  
  157  9:52  Baneling, Zergling x8  
  161  9:59  Zergling x16  
  160  10:12  Zergling x10  
Show
View Real Time Build Order
Export as new Build Order

Kas Terran 

Build Orders: Reaper Expand 

Get SALT Encoding   

  12  0:01  SCV  
  13  0:13  SCV  
  14  0:17  Supply Depot  
  14  0:25  SCV  
  15  0:39  SCV  
  15  0:42  Barracks  
  16  0:44  Refinery  
  16  0:51  SCV  
  17  1:03  SCV  
  18  1:15  SCV  
  19  1:29  Orbital Command, Reaper  
  20  1:43  Command Center  
  20  1:55  SCV  
  21  2:02  Marine  
  21  2:03  Supply Depot  
  21  2:07  SCV  
  23  2:11  Factory  
  23  2:22  Refinery, Barracks Reactor  
  23  2:25  SCV  
  24  2:37  SCV  
  25  2:49  SCV  
  26  2:56  Starport  
  26  2:57  Orbital Command  
  26  3:01  SCV  
  27  3:10  Hellion x2  
  31  3:13  SCV  
  32  3:21  Marine  
  32  3:23  SCV  
  32  3:25  SCV  
  37  3:34  Hellion x2  
  37  3:37  SCV, Fusion Core  
  37  3:38  SCV  
  41  3:48  Starport Tech Lab  
  41  3:49  SCV  
  41  3:50  Supply Depot, SCV  
  43  4:01  SCV  
  43  4:02  SCV  
  45  4:03  Command Center  
  45  4:13  SCV  
  45  4:14  Supply Depot, SCV  
  47  4:25  SCV, Battlecruiser  
  47  4:29  Bunker  
  54  4:36  SCV  
  54  4:37  SCV  
  56  4:41  Marine x2  
  56  4:42  Factory Tech Lab  
  57  4:48  SCV  
  57  4:49  SCV  
  59  4:53  Bunker  
  59  4:59  Marine x2  
  60  5:12  Siege Tank  
  62  5:18  Marine  
  62  5:21  Marine  
  40  5:36  Marine  
  40  5:38  Marine  
  40  5:40  SCV  
  40  5:44  Siege Tank  
  41  5:50  SCV  
  41  5:54  Marine  
  41  5:56  Marine  
  44  6:06  Orbital Command  
  44  6:10  SCV x2  
  46  6:17  Siege Tank  
  49  6:20  Engineering Bay, Barracks  
  49  6:22  SCV, Barracks  
  49  6:23  Engineering Bay, SCV  
  51  6:26  Starport Reactor  
  51  6:28  Marine  
  52  6:34  SCV x2  
  52  6:35  SCV  
  52  6:38  Supply Depot  
  55  6:44  Stimpack  
  55  6:46  Marine, SCV x2  
  58  6:47  SCV  
  58  6:53  Siege Tank  
  62  6:56  Terran Infantry Weapons Level 1  
  62  6:58  SCV  
  62  6:59  SCV x2  
  65  7:01  Refinery x2  
  65  7:05  Marine  
  66  7:10  SCV  
  66  7:11  SCV x2  
  69  7:19  Marine x2, Barracks  
  69  7:22  Starport Reactor, SCV, Barracks  
  72  7:25  Supply Depot  
  72  7:29  SCV  
  73  7:34  Marine x2, SCV  
  73  7:35  Siege Tank  
  79  7:41  SCV  
  79  7:42  Marine  
  81  7:52  Marine, SCV  
  81  7:53  Terran Infantry Armor Level 1, SCV  
  81  7:57  Armory  
  84  7:59  Marine x2  
  84  8:01  Medivac  
  84  8:03  Marine x2  
  84  8:04  Orbital Command, SCV  
  84  8:05  SCV  
  92  8:08  Barracks Reactor  
  92  8:14  Marine  
  92  8:17  Barracks Reactor  
  92  8:18  Supply Depot  
  92  8:19  Marine, SCV x2  
  90  8:20  Marine  
  90  8:21  Supply Depot, Missile Turret  
  90  8:22  Missile Turret  
  90  8:24  Combat Shield  
  90  8:26  Missile Turret  
  91  8:31  SCV  
  92  8:40  Medivac x2  
  96  8:41  Supply Depot  
  96  8:45  SCV x2  
  96  8:47  SCV  
  99  8:49  Marine x3  
  99  8:51  Marine  
  99  8:54  Marine x2  
  105  8:55  Marine x2  
  105  8:58  Marine  
  105  9:00  Supply Depot  
  105  9:02  Supply Depot  
  108  9:06  Marine  
  108  9:07  Marine  
  108  9:09  Marine x2  
  112  9:10  Siege Tank  
  112  9:14  Marine x2  
  117  9:22  Marine x3, Medivac x2  
  124  9:24  Marine  
  124  9:26  Supply Depot  
  124  9:27  Supply Depot  
  124  9:29  Supply Depot  
  122  9:32  Marine  
  122  9:37  Marine x4  
  122  9:40  Marine x3  
  122  9:42  Marine  
  122  9:44  Siege Tank  
  129  9:50  Barracks x2  
  129  9:53  Barracks  
  121  10:00  Marine  
  119  10:10  SCV  
  119  10:12  Marine x4  
  119  10:13  Missile Turret  
  124  10:14  Marine x2  
Tags
 
Add a new tag
Caveats
  • Supply blocks, unpowered buildings, or Contaminate may cause inaccurate times.
  • Supply counts are checked every 10 seconds.